 Dungeon Crawl Stone Soup version 0.29.1-2-gbd0b4ee654 (webtiles) character file.

Game seed: 6152410405624436972

42 warriortoast the Caller (level 3, 0/14 HPs)
             Began as a Felid Summoner on Nov 18, 2022.
             Succumbed to an adder's poison
             ... on level 1 of the Dungeon.
             The game lasted 00:04:14 (3211 turns).

warriortoast the Caller (Felid Summoner)            Turns: 3211, Time: 00:04:15

Health: 0/14       AC:  1    Str:  4    XL:     3   Next: 35%
Magic:  5/7        EV: 18    Int: 18    God:
Gold:   40         SH:  0    Dex: 16    Spells: 5/6 levels left
                                        Lives:  0   Deaths: 0

rFire   . . .      SeeInvis +   (weapon unavailable)
rCold   . . .      Faith    .   (shield unavailable)
rNeg    . . .      Spirit   .   (body armour unavailable)
rPois   .          Reflect  .   (helmet unavailable)
rElec   .          Harm     .   (cloak unavailable)
rCorr   .          Rampage  .   (gloves unavailable)
Will    .....                   (boots unavailable)
Stlth   ++........              (no amulet)
HPRegen 0.04/turn               (no ring)
MPRegen 0.10/turn               (no ring)

@: lethally poisoned (0 -> -12), quick
A: very small, claws 1, fangs 3, see invisible, speed 1, shaggy fur 1, stealthy
paws, no weapons or thrown items, no armour, multi-lived
a: no special abilities


You were on level 1 of the Dungeon.
You visited 1 branch of the dungeon, and saw 2 of its levels.

You collected 40 gold pieces.

Inventory:

Jewellery
 e - a ring of willpower
 g - a ring of magical power
 l - a ring of protection from cold
Scrolls
 b - 2 scrolls of immolation {unknown}
 c - a scroll of teleportation {unknown}
 f - a scroll of vulnerability {unknown}
 h - a scroll of enchant armour {unknown}
 i - a scroll of torment {unknown}
 m - 2 scrolls of identify {unknown}
 n - a scroll of fear {unknown}
Potions
 a - a potion of magic
 k - a potion of haste {unknown}


   Skills:
 + Level 3.4 Dodging
 + Level 3.4 Stealth
 + Level 2.3 Spellcasting
 + Level 0.3 Conjurations
 + Level 4.3 Summonings


You had 5 spell levels left.
You knew the following spells:

 Your Spells              Type           Power      Damage    Failure   Level
a - Summon Small Mammal   Summ           68%        N/A       3%          1

Your spell library contained the following spells:

 Spells                   Type           Power      Damage    Failure   Level
 Call Imp                 Summ           17%        N/A       4%          2
 Call Canine Familiar     Summ           17%        N/A       9%          3
 Summon Guardian Golem    Hex/Summ       9%         N/A       22%         3
 Summon Lightning Spire   Summ/Air       9%         N/A       56%         4
 Fireball                 Conj/Fire      1%         3d3       99%         5
 Iskenderun's Battlesphe  Conj           3%         2d6       99%         5
 Conjure Ball Lightning   Conj/Air       1%         3x3d6     100%        6
 Orb of Destruction       Conj           1%         9d5       100%        7


Dungeon Overview and Level Annotations

Branches:
Dungeon (2/15)

Altars:


Innate Abilities, Weirdness & Mutations

You have sharp claws.
You have razor-sharp teeth.
You have supernaturally acute eyesight. (SInv)
You cover ground quickly. (Speed+)
You are covered in fur. (AC +1)
Your paws help you pounce on unaware monsters.
You are incapable of wielding weapons or throwing items.
You cannot wear armour.
You gain extra lives every three experience levels.


Message History

There is a stone staircase leading up here.
The adder bites you.
You climb upwards.
There is a stone staircase leading down here.
Casting: Summon Small Mammal (safe; 3% risk of failure)
Confirm with . or Enter, or press ? or * to list all spells.
The adder misses you. The adder closely misses you.
Casting: Summon Small Mammal (safe; 3% risk of failure)
Confirm with . or Enter, or press ? or * to list all spells.
The adder closely misses you.
You scratch the adder.
The adder is lightly wounded.
The adder closely misses you.
Your rat closely misses the adder.
You scratch the adder.
The adder is moderately wounded.
The adder bites you.
Your rat misses the adder. The adder bites you.
You are too injured to fight recklessly!
You are too injured to fight recklessly!
You scratch the adder.
The adder is moderately wounded.
The adder misses you.
Your rat barely misses the adder.
Your rat completely misses the adder.
You miss the adder.
The adder is moderately wounded.
The adder completely misses you.
Your rat misses the adder.
Your rat closely misses the adder.
You closely miss the adder.
The adder is moderately wounded.
The adder bites you.
You are lethally poisoned!
The adder poisons you!
Your rat closely misses the adder. x2
You scratch the adder. Your bite misses the adder.
The adder is heavily wounded.
* * * LOW HITPOINT WARNING * * *
You feel sick. The adder bites you.
* * * LOW HITPOINT WARNING * * *
You are more poisoned.
The adder poisons you! The adder completely misses you.
Your rat misses the adder.
Your rat bites the adder.
You die...

###### #....# #.##.# #####
#####r##.####...######
#...Sr........#...(...
######.#@.^..###..###.###
#......#.##...###.......'
#.######.##.#..##.#'#.###
###.#......##.##.##...#.+..
#...#.##......##+####.#.#..
#.#.#.##.##.....).# #.###..
#.#.#.##.##.......###.#.#..
##.###.##.##.........+.#.'..
#......##.##........####.###


You could see an adder (ally target) and 2 friendly rats.

Vanquished Creatures
  A dart slug (D:2)
  4 bats (D:1)
  An endoplasm (D:1)
  A giant cockroach (D:2)
  A hobgoblin (D:2)
  A quokka (D:1)
  2 frilled lizards
  2 goblins (D:1)
  2 kobolds (D:1)
15 creatures vanquished.

Vanquished Creatures (collateral kills)
  An adder (D:2)
  2 bats (D:2)
  4 endoplasms
  A hobgoblin (D:1)
  A quokka (D:1)
  A ball python (D:1)
  4 frilled lizards (D:1)
  A kobold (D:2)
  A rat (D:1)
16 creatures vanquished.

Grand Total: 31 creatures vanquished

Notes
Turn   | Place    | Note
-------+----------+-------------------------------------------
     0 | D:1      | warriortoast the Felid Summoner began the quest for the
                  | Orb.
     0 | D:1      | Reached XP level 1. HP: 7/7 MP: 4/4
   954 | D:1      | Reached XP level 2. HP: 11/11 MP: 4/6
  2395 | D:2      | Reached XP level 3. HP: 1/14 MP: 4/7
  2609 | D:2      | HP: 1/21 [poisoned by a hobgoblin]
  3211 | D:1      | Succumbed to an adder's poison

Illustrated notes

Levels and vault maps discovered:
D:1:      shiori_arrival_maze, layout_basic
D:2:      layout_basic, minmay_quadrilaterals

Skill      XL: |  1 |
---------------+----+-----
Dodging        | 3 |  3.4
Stealth        | 3 |  3.4
Spellcasting   | |  2.3
Conjurations   | |  0.3
Summonings     | |  4.3

Action                   || total
-------------------------++-------
Melee: Unarmed           ||    54
       Bite              ||     4
 Cast: Summon Small Mamm ||    48
  Use: Potion            ||     2
 Stab: Sleeping          ||     4
Armor: Skin              ||     4
Dodge: Dodged            ||    58
